 Dungeon Crawl Stone Soup version 0.17-a0-2101-g0c122e7 (webtiles) character file.

197 septik the Magician (level 5, -1/38 HPs)
             Began as a Draconian Wizard on Oct 18, 2015.
             Slain by a gnoll
             ... wielding a +2 whip of electrocution
              (19 damage)
             ... on level 2 of the Dungeon.
             The game lasted 00:21:26 (3707 turns).

septik the Magician (Draconian Wizard)              Turns: 3707, Time: 00:21:27

Health: -1/38      AC:  5    Str:  9    XL:     5   Next: 46%
Magic:  16/19      EV: 12    Int: 20    God:
Gold:   97         SH:  0    Dex:  9    Spells: 2 memorised, 7 levels left

rFire  . . .     SeeInvis .     y - +0 flail
rCold  . . .     Clarity  .     (armour unavailable)
rNeg   . . .     SustAt   .     (no shield)
rPois  .         Gourm    .     g - +0 hat
rElec  .         Spirit   .     (no cloak)
rCorr  .         Warding  .     (no gloves)
rMut   .         Stasis   .     (no boots)
MR     .....                    (no amulet)
Stlth  +.........               (no ring)
                                j - ring of magical power

@: not resistant to hostile enchantments, very unstealthy
A: unfitting armour, cold-blooded, AC +5
a: no special abilities


You were on level 2 of the Dungeon.
You were not hungry.

You visited 1 branch of the dungeon, and saw 4 of its levels.

You collected 97 gold pieces.

Inventory:

Hand Weapons
 y - a +0 flail (weapon)
Missiles
 d - 6 tomahawks (quivered)
Armour
 g - a +0 hat (worn)
Jewellery
 j - a ring of magical power (left hand)
Scrolls
 h - 2 scrolls of random uselessness {unknown}
 i - 2 scrolls of immolation {unknown}
 p - a scroll of amnesia {unknown}
 t - 3 scrolls of identify
 v - a scroll of teleportation {unknown}
 x - a scroll of fog {unknown}
Potions
 f - 2 potions of cancellation {unknown}
 l - a potion of might
 m - a potion of flight
 o - a potion of heal wounds {unknown}
 q - a potion of mutation {unknown}
 s - a potion of magic {unknown}
 w - a potion of curing {unknown}
Books
 b - a book of Minor Magic

   Spells                             Type                      Level
   a - Magic Dart                     Conjuration                  1
   b - Blink                          Translocation                2
   c - Call Imp                       Summoning                    2
   d - Repel Missiles                 Charms/Air                   2
   e - Slow                           Hexes                        2
   f - Conjure Flame                  Conjuration/Fire             3
   g - Mephitic Cloud                 Conjuration/Poison/Air       3
 r - a book of Flames

   Spells                             Type                      Level
   a - Flame Tongue                   Conjuration/Fire             1
   b - Throw Flame                    Conjuration/Fire             2
   c - Conjure Flame                  Conjuration/Fire             3
   d - Inner Flame                    Hexes/Fire                   3
   e - Sticky Flame                   Conjuration/Fire             4
   f - Fireball                       Conjuration/Fire             5
Comestibles
 c - 2 bread rations
 u - a meat ration


   Skills:
 - Level 1.7 Dodging
 - Level 1.7 Stealth
 + Level 3.8 Spellcasting
 + Level 2.6 Conjurations
   Level 1.0 Summonings
   Level 1.0 Translocations
 * Level 2.6 Air Magic
 * Level 2.3 Poison Magic


You had 7 spell levels left.
You knew the following spells:

 Your Spells              Type           Power        Failure   Level  Hunger
a - Magic Dart            Conj           ##..         4%          1    None
b - Mephitic Cloud        Conj/Pois/Air  ##......     17%         3    ###....


Dungeon Overview and Level Annotations

Branches:
Dungeon (4/15)
 Temple: D:4-7

Altars:
Cheibriados
Elyvilon
Okawaru
Qazlal


Innate Abilities, Weirdness & Mutations

Your plain brown scales are hard (AC +5).
Your body does not fit into most forms of armour.
You are cold-blooded and may be slowed by cold attacks.


Message History

Confirm with . or Enter, or press ? or * to list all spells.
Aiming: Magic Dart
Press: ? - help, Shift-Dir - straight line, f/p - gnoll
Aim: a gnoll, wielding a whip of electrocution (moderately wounded)
The magic dart hits the gnoll.
The gnoll is severely wounded.
The gnoll hits you but does no damage.
You are electrocuted!
You climb upwards.
There is a stone staircase leading down, spattered with blood here.
Casting: Magic Dart
Confirm with . or Enter, or press ? or * to list all spells.
Aiming: Magic Dart
Press: ? - help, Shift-Dir - straight line, f - gnoll
Aim: a gnoll, wielding a whip of electrocution (severely wounded)
The magic dart hits the gnoll.
The gnoll is almost dead.
The gnoll hits you with a whip of electrocution!
You are electrocuted!
Ouch! That really hurt!
You die...

#.....######.###.#.......
#.....##.................
#.....##.###......##.##..
#.....##.###.......#.##..
#.....##.#...........##..
#.....##.#.###+#.#.#####(
#.....##.#.###.#.#.#####.
#.....##.g!..............
#.....##@..)<......###.#.
##########.###.#..## #...
##########...#......# #.##
#.......##...##...#.###.##
###########.##...##.###.......
§§§§§ #.##...##.# #..##.##
§§§§§§ #.##...##.# #..#....
§§§§§§ #.##...##.# #(....#.
##§§§§§§ #.##...##+###.....#.


You could see a gnoll.

Vanquished Creatures
  An orc priest (D:3)
  6 adders
  3 gnolls
  4 worms
  3 orcs (D:3)
  5 giant cockroaches
  10 goblins
  9 hobgoblins
  A ball python (D:1)
  7 bats
  5 giant newts
  10 jackals
  5 kobolds (D:1)
  6 rats
75 creatures vanquished.

Vanquished Creatures (others)
  2 fungi (D:1)
2 creatures vanquished.

Grand Total: 77 creatures vanquished

Notes
Turn   | Place    | Note
--------------------------------------------------------------
     0 | D:1      | septik the Draconian Wizard began the quest for the Orb.
     0 | D:1      | Reached XP level 1. HP: 14/14 MP: 4/4
    56 | D:1      | Reached XP level 2. HP: 4/20 MP: 3/6
   937 | D:1      | Reached XP level 3. HP: 26/26 MP: 0/7
   942 | D:1      | Learned a level 3 spell: Mephitic Cloud
  1340 | D:1      | Reached skill level 1 in Air Magic
  1530 | D:2      | Found a snail-covered altar of Cheibriados.
  1850 | D:1      | Reached skill level 1 in Poison Magic
  1850 | D:1      | Reached XP level 4. HP: 29/33 MP: 9/9
  2011 | D:2      | Found an iron altar of Okawaru.
  2473 | D:2      | Found a stormy altar of Qazlal.
  2992 | D:4      | Noticed a hippogriff
  3059 | D:3      | Found a white marble altar of Elyvilon.
  3246 | D:3      | Reached XP level 5. HP: 32/38 MP: 6/10
  3707 | D:2      | Slain by a gnoll

Vault maps used:
D:1:      scummos_arrival_checkerplants
D:2:      nicolae_qazlal_eye_of_the_storm, lemuel_crystal_altar,
          okawaru_metal_pillars_3, minmay_misc_feat_nine_boxes
D:3:      lemuel_doored_altar, first_bread
D:4:      sigmund_edmund_badplayer

Action                   |  1- 3 |  4- 6 || total
-------------------------+-------+-------++-------
Melee: Unarmed           |    25 |       ||    25
       Club              |    29 |    33 ||    62
Throw: Tomahawk          |     7 |       ||     7
 Cast: Magic Dart        |    93 |   119 ||   212
       Mephitic Cloud    |     4 |    14 ||    18
  Use: Scroll            |       |     4 ||     4
       Potion            |       |     1 ||     1
  Eat: Chunk             |     3 |     7 ||    10
